 Dungeon Crawl Stone Soup version 0.29.0-4-gdea44cf6ec (webtiles) character file.

Game seed: 5391528567881743011

527 qw the Grappler (level 7, 0/66 HPs)
             Began as a Troll Cinder Acolyte on Sept 1, 2022.
             Was a High Priest of Ignis.
             Slain by a gnoll
             ... wielding a +0 whip
             ... led by a gnoll sergeant
              (6 damage)
             ... on level 5 of the Dungeon.
             The game lasted 00:01:48 (3100 turns).

qw the Grappler (Troll Cinder Acolyte)              Turns: 3100, Time: 00:01:49

Health: 0/66       AC: 11    Str: 25    XL:     7   Next: 2%
Magic:  7/7        EV:  9    Int: 10    God:    Ignis [*****.]
Gold:   71         SH:  0    Dex:  5    Spells: 8/8 levels left

rFire   + . .      SeeInvis .     - Unarmed
rCold   . . .      Faith    .   (no shield)
rNeg    . . .      Spirit   .   a - +0 robe
rPois   .          Reflect  .   (helmet restricted)
rElec   .          Harm     .   (no cloak)
rCorr   .          Rampage  .   (gloves unavailable)
Will    .....                   (boots unavailable)
Stlth   +.........              (no amulet)
HPRegen 1.01/turn               (no ring)
MPRegen 0.10/turn               (no ring)

@: lethally poisoned (0 -> -9), fiery-armoured
A: large, unfitting armour, claws 3, regeneration 1, shaggy fur 1, tough skin 1
a: Renounce Religion, Fiery Armour, Foxfire Swarm, Rising Flame


You were on level 5 of the Dungeon.
You worshipped Ignis.
Ignis was extremely pleased with you.
You visited 1 branch of the dungeon, and saw 5 of its levels.

You collected 211 gold pieces.
You spent 140 gold pieces at shops.


Innate Abilities, Weirdness & Mutations

You are too large for most types of armour.
You have claws for hands.
Your natural rate of healing is unusually fast.
You are covered in fur. (AC +1)
You have tough skin. (AC +1)


   Skills:
 + Level 2.4 Fighting
 - Level 8.1 Unarmed Combat
 - Level 1.0 Spellcasting
 - Level 2.1 Fire Magic


You had 8 spell levels left.
You didn't know any spells.
Your spell library contained the following spells:

 Spells                   Type           Power      Damage    Failure   Level
 Scorch                   Fire           8%         2d5       22%         2

Inventory:

Armour
 a - a +0 robe (worn)
 h - a scarf of repulsion
Scrolls
 f - 2 scrolls of teleportation {unknown}
 g - a scroll of magic mapping {unknown}
Potions
 c - 3 potions of might
 d - 2 potions of curing
 e - a potion of ambrosia {unknown}
 i - a potion of cancellation {unknown}

Dungeon Overview and Level Annotations

Branches:
Dungeon (5/15)
 Temple: D:4-7

Altars:
Sif Muna

Shops:
D:3 !


Message History

You are more poisoned.
The white imp hits you. The white imp freezes you.
3094 ||| INVOKING Fiery Armour.
A protective cloak of flame settles atop you.
You feel very sick. The white imp gestures at you. The puff of frost hits you.
The gnoll sergeant hits you from afar with a +5 trident of venom.
You are more poisoned.
3095 ||| DRINKING potion of heal wounds.
You feel much better.
You feel extremely sick.
The white imp hits you but does no damage.
The white imp is burned terribly!
The white imp is burned by your cloak of flames.
The white imp is heavily wounded.
The gnoll sergeant closely misses you.
You claw the white imp!
You kill the white imp!
You feel very sick.
The gnoll sergeant hits you from afar with a +5 trident of venom.
You feel very sick.
The gnoll sergeant hits you with a +5 trident of venom!
You are lethally poisoned!
The gnoll sergeant is burned by your cloak of flames.
The gnoll sergeant is lightly wounded.
You see here a +0 flail.
You claw the gnoll sergeant!
The gnoll sergeant is almost dead.
You feel very sick.
You mangle the gnoll sergeant!!
You kill the gnoll sergeant!
You feel very sick.
Your Unarmed Combat skill increases to level 8!
You have reached level 7!
You claw the gnoll!
The gnoll is almost dead.
You feel very sick. The gnoll hits you with a +0 whip.
You die...

# #. ..#..
......####
...<..g@.#
.....o##)#
..... #.#
.... #)#
### #.# #.#
#.#
.########.#
..........#


You could see a gnoll and an orc.

Vanquished Creatures
  An ogre (D:3)
  A phantom (D:4)
  A gnoll sergeant (D:5)
  An orc priest (D:4)
  A hound (D:5)
  An iguana (D:3)
  Jessica (D:2)
  Ijyb (D:3)
  Robin (D:2)
  2 gnolls (D:5)
  5 adders
  A white imp (D:5)
  2 worms
  2 dart slugs
  2 orcs (D:4)
  A bat (D:2)
  3 endoplasms
  14 giant cockroaches
  11 goblins
  14 hobgoblins
  3 quokkas
  5 ball pythons
  A frilled lizard (D:1)
  9 kobolds
  4 rats
88 creatures vanquished.

Vanquished Creatures (others)
  3 plants (D:2)
3 creatures vanquished.

Grand Total: 91 creatures vanquished

Notes
Turn   | Place    | Note
-------+----------+-------------------------------------------
     0 | D:1      | qw the Troll Cinder Acolyte began the quest for the Orb.
     0 | D:1      | Reached XP level 1. HP: 22/22 MP: 1/1
     0 | D:1      | 0 ||| qw: Version: 0.1-a-97-g2dd2ca4
     0 | D:1      | 0 ||| qw: Game counter: 4835
     0 | D:1      | 0 ||| qw: Always use a shield: true
     0 | D:1      | 0 ||| qw: God list: Okawaru
     0 | D:1      | 0 ||| qw: Allow faded altars: false
     0 | D:1      | 0 ||| qw: Do Orc after D:15 true
     0 | D:1      | 0 ||| qw: Do second Lair branch before Depths: true
     0 | D:1      | 0 ||| qw: Lair rune preference: random
     0 | D:1      | 0 ||| qw: Plans: Normal
     0 | D:1      | 0 ||| PLANNING D:1-11
    95 | D:1      | 95 ||| Stepping ~*~*~tactically~*~*~ (outnumbered).
    96 | D:1      | 96 ||| Stepping ~*~*~tactically~*~*~ (outnumbered).
    97 | D:1      | 97 ||| Stepping ~*~*~tactically~*~*~ (outnumbered).
    98 | D:1      | 98 ||| Stepping ~*~*~tactically~*~*~ (outnumbered).
   105 | D:1      | Reached XP level 2. HP: 29/29 MP: 2/2
   244 | D:1      | Found a faded altar of an unknown god.
   329 | D:1      | 329 ||| Stepping ~*~*~tactically~*~*~ (stealth).
   330 | D:1      | 330 ||| Stepping ~*~*~tactically~*~*~ (stealth).
   331 | D:1      | 331 ||| Stepping ~*~*~tactically~*~*~ (stealth).
   369 | D:1      | Reached skill level 4 in Unarmed Combat
   779 | D:1      | 779 ||| READING 2 scrolls labelled FAGUN REBETTU.
   780 | D:1      | 780 ||| READING scroll labelled PIDATR KUSKAOMN.
   781 | D:1      | 781 ||| DROPPING scroll of poison.
   782 | D:1      | 782 ||| Stepping randomly (stuck).
   783 | D:1      | 783 ||| Stepping ~*~*~tactically~*~*~ (cloud).
   854 | D:2      | 854 ||| Stepping ~*~*~tactically~*~*~ (hiding).
   856 | D:2      | Noticed Jessica
   857 | D:2      | 857 ||| Stepping ~*~*~tactically~*~*~ (stealth).
   859 | D:2      | 859 ||| Stepping ~*~*~tactically~*~*~ (outnumbered).
   866 | D:2      | Killed Jessica
   867 | D:2      | Reached XP level 3. HP: 25/36 MP: 3/3
   951 | D:2      | Reached XP level 4. HP: 44/44 MP: 4/4
  1051 | D:2      | Reached skill level 5 in Unarmed Combat
  1071 | D:2      | 1071 ||| Stepping ~*~*~tactically~*~*~ (stealth).
  1097 | D:2      | Identified the -2 pair of boots of the Divine God {rF+
                  | Will+ Str+2 Dex+6}
  1197 | D:2      | 1197 ||| Stepping ~*~*~tactically~*~*~ (outnumbered).
  1221 | D:2      | 1221 ||| Stepping ~*~*~tactically~*~*~ (outnumbered).
  1222 | D:2      | 1222 ||| Stepping ~*~*~tactically~*~*~ (outnumbered).
  1223 | D:2      | 1223 ||| Stepping ~*~*~tactically~*~*~ (outnumbered).
  1310 | D:2      | 1310 ||| Stepping ~*~*~tactically~*~*~ (stealth).
  1311 | D:2      | 1311 ||| Stepping ~*~*~tactically~*~*~ (stealth).
  1318 | D:2      | 1318 ||| Stepping ~*~*~tactically~*~*~ (stealth).
  1320 | D:2      | 1320 ||| Stepping ~*~*~tactically~*~*~ (stealth).
  1324 | D:2      | 1324 ||| Stepping ~*~*~tactically~*~*~ (stealth).
  1333 | D:2      | 1333 ||| Stepping ~*~*~tactically~*~*~ (stealth).
  1348 | D:2      | 1348 ||| INVOKING Fiery Armour.
  1348 | D:2      | Noticed Robin
  1356 | D:2      | Killed Robin
  1546 | D:2      | 1546 ||| READING scroll labelled GUAPPY BU KU CECY.
  1547 | D:2      | 1547 ||| READING scroll labelled PIFYNT MYSAJUT.
  1548 | D:2      | 1548 ||| DRINKING 2 orange potions.
  1549 | D:2      | 1549 ||| DROPPING potion of flight.
  1631 | D:3      | Reached XP level 5. HP: 39/50 MP: 5/5
  1697 | D:3      | Found Fonohics's Distillery.
  1705 | D:3      | 1705 ||| BUYING 2 potions of might (80 gold).
  1705 | D:3      | Bought 2 potions of might for 80 gold pieces
  1705 | D:3      | 1705 ||| BUYING potion of curing (30 gold).
  1705 | D:3      | Bought a potion of curing for 30 gold pieces
  1705 | D:3      | 1705 ||| BUYING potion of curing (30 gold).
  1705 | D:3      | Bought a potion of curing for 30 gold pieces
  1705 | D:3      | 1705 ||| SHOPLISTING potion of haste (100 gold, have 30).
  1705 | D:3      | 1705 ||| SHOPLISTING potion of heal wounds (50 gold, have
                  | 30).
  1705 | D:3      | 1705 ||| SHOPLISTING potion of might (40 gold, have 30).
  1878 | D:3      | Noticed an ogre
  1885 | D:3      | Killed an ogre
  1886 | D:3      | Reached skill level 6 in Unarmed Combat
  1985 | D:3      | 1985 ||| Stepping ~*~*~tactically~*~*~ (hiding).
  1992 | D:3      | Reached XP level 6. HP: 57/59 MP: 6/6
  2259 | D:3      | Noticed Ijyb
  2266 | D:3      | Killed Ijyb
  2409 | D:3      | 2409 ||| READING scroll labelled HIOSTR DILORE.
  2410 | D:3      | 2410 ||| DRINKING 2 green potions.
  2445 | D:4      | 2445 ||| Stepping ~*~*~tactically~*~*~ (hiding).
  2616 | D:4      | 2616 ||| Stepping ~*~*~tactically~*~*~ (hiding).
  2622 | D:4      | Reached skill level 7 in Unarmed Combat
  2913 | D:4      | 2913 ||| FLEEEEING.
  2914 | D:4      | 2914 ||| FLEEEEING.
  2915 | D:4      | 2915 ||| FLEEEEING.
  2916 | D:4      | 2916 ||| FLEEEEING.
  2917 | D:4      | 2917 ||| FLEEEEING.
  2918 | D:4      | 2918 ||| FLEEEEING.
  2919 | D:4      | 2919 ||| FLEEEEING.
  2920 | D:4      | 2920 ||| FLEEEEING.
  2984 | D:4      | Found a shimmering blue altar of Sif Muna.
  3047 | D:4      | 3047 ||| Stepping ~*~*~tactically~*~*~ (outnumbered).
  3048 | D:4      | 3048 ||| Stepping ~*~*~tactically~*~*~ (outnumbered).
  3049 | D:4      | 3049 ||| Stepping ~*~*~tactically~*~*~ (outnumbered).
  3050 | D:4      | 3050 ||| Stepping ~*~*~tactically~*~*~ (outnumbered).
  3072 | D:4      | You fall into a shaft and drop 1 floor!
  3072 | D:5      | Entered Level 5 of the Dungeon
  3074 | D:5      | 3074 ||| PLANNING SEWER
  3082 | D:5      | 3082 ||| Stepping ~*~*~tactically~*~*~ (stealth).
  3086 | D:5      | 3086 ||| Stepping ~*~*~tactically~*~*~ (hiding).
  3094 | D:5      | 3094 ||| INVOKING Fiery Armour.
  3094 | D:5      | HP: 14/59 [white imp/puff of frost (4)]
  3095 | D:5      | 3095 ||| DRINKING potion of heal wounds.
  3099 | D:5      | HP: 9/59 [poisoned by a gnoll sergeant]
  3100 | D:5      | Reached skill level 8 in Unarmed Combat
  3100 | D:5      | Reached XP level 7. HP: 10/66 MP: 7/7
  3100 | D:5      | Slain by a gnoll

Levels and vault maps discovered:
D:1:      reono_arrival_mine, layout_basic,
          chequers_ecumenical_altar_simple_redux
D:2:      minmay_roachtagon, layout_rooms, serial_forest,
          infiniplex_forest_end_2, infiniplex_forest_clump_curved,
          infiniplex_forest_straight_5, infiniplex_forest_zigzag_1,
          infiniplex_forest_zigzag_1, uniq_jessica, uniq_crazy_yiuf_cottage,
          uniq_robin
D:3:      layout_loops_ring, serial_shops, shop, uniq_ijyb
D:4:      layout_basic, kennysheep_mini, chequers_serial_rivers_room_b,
          minmay_misc_feat_encased
D:5:      layout_basic, amcnicky_altar_gilded, nicolae_qazlal_general_emergency,
          portal_sewer_entry_b, nicolae_ossuary_entry_catacombs,
          minmay_ruined_shrine

Skill      XL: |  1  2  3  4  5  6 |
---------------+-------------------+-----
Unarmed Combat | 4 5 6 8 |  8.1
Fighting       | |  2.4
Spellcasting   | |  1.0
Fire Magic     | |  2.1

Action                   |  1- 3 |  4- 6 |  7- 9 || total
-------------------------+-------+-------+-------++-------
Melee: Unarmed           |    73 |   146 |     1 ||   220
       Punch             |       |     1 |       ||     1
Invok: Fiery Armour      |       |     2 |       ||     2
  Use: Scroll            |     2 |     3 |       ||     5
       Potion            |       |     3 |       ||     3
Armor: Robe              |    25 |    33 |       ||    58
Dodge: Dodged            |    17 |    40 |       ||    57

Table legend:
 A = Non-vault XP
 B = Vault XP
 C = Vault XP percentage of total XP
 D = Non-vault monster count
 E = Vault monster count
 F = Vault count percentage of total count
                 A         B        C        D         E       F
            +---------+---------+-------+---------+---------+-------
      Total |     623 |     130 |  17.3 |      63 |      25 |  28.4
            +---------+---------+-------+---------+---------+-------
        D:1 |      37 |       0 |   0.0 |      22 |       0 |   0.0
        D:2 |      60 |      95 |  61.3 |      14 |      24 |  63.2
        D:3 |     195 |      35 |  15.2 |      10 |       1 |   9.1
        D:4 |     171 |       0 |   0.0 |      12 |       0 |   0.0
        D:5 |     160 |       0 |   0.0 |       5 |       0 |   0.0
            +---------+---------+-------+---------+---------+-------
